Map: Kairos Junction LE

Players

Lambo - Winner!

  • Race: Zerg Zerg
  • League: Master
  • Spawn Location: 5:00

Rail

  • Race: Protoss Protoss
  • League: Master
  • Spawn Location: 11:00

VOD

Have the link to the VOD?

Description

Time

  • Played on: Jan. 27, 2019, 12:30 p.m.
  • Length: 8:26
Show
View Real Time Build Order
Export as new Build Order

Lambo Zerg - Winner!

Build Orders: Hatch First 

Get SALT Encoding   

  12  0:01  Drone  
  13  0:13  Overlord  
  13  0:17  Drone  
  14  0:32  Drone x2  
  16  0:48  Hatchery  
  15  0:52  Drone  
  15  0:56  Drone  
  17  0:58  Drone  
  18  1:10  Extractor  
  17  1:13  Spawning Pool  
  17  1:18  Drone  
  17  1:20  Drone  
  18  1:29  Drone  
  20  1:40  Drone  
  20  1:51  Overlord  
  20  2:01  Queen x2  
  20  2:03  Zergling x2  
  20  2:04  Drone  
  26  2:11  Metabolic Boost  
  26  2:12  Drone  
  26  2:13  Drone  
  28  2:25  Drone x2  
  30  2:38  Hatchery  
  30  2:40  Drone  
  30  2:44  Drone x2  
  31  2:47  Overlord  
  32  2:54  Queen  
  32  2:58  Drone x2  
  36  3:12  Drone x4  
  40  3:13  Overlord  
  40  3:15  Drone x2  
  40  3:16  Zergling x2  
  43  3:20  Drone  
  44  3:33  Drone x2  
  46  3:38  Drone  
  47  3:41  Lair  
  47  3:43  Drone x2  
  47  3:44  Spore Crawler  
  47  3:46  Drone  
  47  3:47  Drone x2  
  51  3:51  Extractor  
  51  3:52  Roach Warren  
  51  3:53  Extractor, Drone x2  
  50  4:01  Spore Crawler  
  52  4:03  Drone  
  52  4:05  Drone x2  
  52  4:06  Drone  
  56  4:10  Overlord  
  56  4:11  Drone x2  
  56  4:12  Spore Crawler  
  56  4:15  Overlord  
  56  4:16  Overlord  
  57  4:22  Overlord  
  55  4:30  Extractor, Drone x3  
  56  4:32  Drone  
  56  4:33  Drone  
  56  4:34  Drone  
  59  4:40  Drone, Hydralisk Den  
  59  4:42  Overlord  
  59  4:44  Drone  
  59  4:45  Zergling x6  
  63  4:48  Zergling x6  
  66  4:53  Zergling x8  
  69  5:00  Overlord  
  69  5:09  Overlord  
  69  5:10  Muscular Augments  
  69  5:12  Hydralisk x5  
  79  5:15  Hydralisk  
  79  5:20  Hydralisk x2  
  84  5:26  Hydralisk x2  
  86  5:32  Hydralisk x2  
  89  5:40  Hydralisk  
  89  5:42  Overlord  
  87  5:49  Hydralisk  
  85  5:51  Zergling x16  
  93  5:58  Hydralisk x2  
  93  6:04  Hydralisk  
  95  6:10  Hydralisk  
  99  6:12  Zergling x12  
  99  6:17  Zergling x4  
  107  6:22  Zergling x6  
  107  6:23  Grooved Spines  
  108  6:28  Zergling x4  
  110  6:33  Zergling x2  
  110  6:36  Zergling x4  
  110  6:38  Overlord  
  112  6:42  Zergling x4  
  112  6:44  Hydralisk x2  
  112  6:45  Zergling x4  
  105  6:49  Hydralisk x2, Zergling x2  
  105  6:50  Zergling x2  
  105  6:54  Hydralisk  
  95  6:55  Hydralisk  
  95  7:01  Zergling x2  
  92  7:02  Hydralisk  
  92  7:07  Hydralisk  
  92  7:08  Zergling x4  
  90  7:11  Zergling x4  
  90  7:13  Zergling x2  
  90  7:15  Zergling x4  
  90  7:21  Hydralisk x2  
  89  7:26  Hydralisk  
  89  7:27  Hydralisk x2  
  93  7:36  Hydralisk x3  
  97  7:39  Hydralisk  
  97  7:41  Zergling x2  
  97  7:43  Hydralisk  
  102  7:45  Hydralisk  
  102  7:48  Hydralisk  
  106  7:55  Zergling x8  
  110  7:58  Hydralisk  
  110  7:59  Hydralisk  
  113  8:06  Zergling x10  
Show
View Real Time Build Order
Export as new Build Order

Rail Protoss 

Build Orders: 1 Gate Expand, Oracle Opening, Phoenix Opening, Mass Phoenix 

Get SALT Encoding   

  12  0:01  Probe  
  13  0:13  Probe  
  14  0:19  Pylon  
  14  0:25  Probe  
  15  0:33  Probe  
  15  0:39  Gateway  
  15  0:41  Probe  
  16  0:47  Assimilator  
  17  0:51  Probe  
  18  1:03  Probe  
  19  1:21  Nexus  
  19  1:31  Cybernetics Core  
  19  1:34  Probe  
  19  1:39  Assimilator  
  20  1:46  Probe  
  21  1:50  Pylon  
  21  1:55  Probe  
  22  2:03  Probe  
  22  2:08  Stalker, Warp Gate  
  25  2:12  Probe  
  25  2:20  Probe  
  26  2:28  Probe  
  26  2:29  Probe  
  27  2:33  Stargate  
  29  2:39  Probe x2  
  29  2:40  Adept  
  33  2:49  Probe  
  33  2:51  Probe  
  34  2:57  Gateway  
  35  3:01  Probe  
  36  3:06  Probe  
  37  3:13  Adept  
  37  3:14  Probe  
  37  3:16  Oracle  
  37  3:18  Probe  
  44  3:21  Pylon  
  44  3:26  Probe  
  45  3:28  Shield Battery  
  45  3:30  Assimilator  
  45  3:32  Probe  
  46  3:35  Assimilator  
  46  3:36  Probe  
  47  3:42  Stargate  
  47  3:45  Probe x2  
  48  3:51  Phoenix, Pylon  
  51  3:58  Probe x2  
  53  4:10  Phoenix, Probe x2  
  53  4:12  Pylon  
  57  4:20  Phoenix  
  57  4:22  Probe  
  60  4:31  Phoenix  
  62  4:43  Phoenix  
  64  4:49  Pylon  
  64  4:50  Phoenix  
  64  4:55  Nexus  
  66  5:00  Phoenix  
  66  5:13  Robotics Facility  
  68  5:15  Phoenix  
  68  5:18  Shield Battery  
  70  5:22  Probe, Pylon  
  70  5:23  Probe  
  72  5:29  Robotics Facility  
  72  5:32  Pylon  
  72  5:34  Probe  
  69  5:35  Probe  
  69  5:41  Phoenix  
  72  5:47  Probe  
  72  5:48  Probe  
  74  5:51  Immortal  
  74  5:52  Phoenix  
  76  5:57  Zealot x2  
  76  5:59  Probe  
  76  6:00  Probe  
  86  6:07  Immortal  
  86  6:09  Probe, Twilight Council  
  86  6:11  Forge  
  91  6:20  Sentry  
  91  6:22  Zealot  
  91  6:23  Immortal, Probe  
  91  6:24  Probe  
  98  6:25  Probe  
  102  6:46  Zealot  
  102  6:47  Zealot  
  94  6:50  Phoenix  
  92  6:54  Immortal  
  92  6:58  Phoenix  
  92  6:59  Immortal  
  84  7:09  Adept x2  
  84  7:15  Probe x2  
  83  7:16  Probe  
  83  7:24  Probe  
  83  7:27  Probe  
  83  7:29  Zealot x2  
  85  7:30  Probe  
  85  7:32  Probe  
  84  7:38  Probe  
  84  7:39  Assimilator x2, Probe  
  84  7:40  Photon Cannon  
  84  7:41  Observer  
  87  7:46  Probe x2  
  89  7:52  Zealot  
  89  7:53  Zealot  
  89  7:57  Probe  
  88  7:59  Probe x2  
  91  8:05  Photon Cannon, Probe  
  91  8:11  Probe  
  93  8:13  Probe  
  93  8:16  Zealot  
Tags
 
Add a new tag
Caveats
  • Supply blocks, unpowered buildings, or Contaminate may cause inaccurate times.
  • Supply counts are checked every 10 seconds.